 Dungeon Crawl Stone Soup version 0.24.0-13-gcf9b3192b9 (webtiles) character file.

Game seed: 17087511483658656093, levelgen mode: deterministic

58 Flugslaktarn the Covered (level 3, -1/34 HPs)
             Began as a Deep Dwarf Fighter on Nov 10, 2019.
             Slain by an orc priest
             ... wielding a +0 whip
              (5 damage)
             ... on level 4 of the Dungeon.
             The game lasted 00:00:25 (537 turns).

Flugslaktarn the Covered (Deep Dwarf Fighter)        Turns: 537, Time: 00:00:25

Health: -1/34      AC:  8    Str: 20    XL:     3   Next: 76%
Magic:  2/2        EV:  7    Int:  8    God:
Gold:   82         SH:  9    Dex: 12    Spells: 2/2 levels left

rFire    . . .     SeeInvis .   a - +0 war axe
rCold    . . .     Gourm    .   c - +0 shield
rNeg     . . .     Faith    .   b - +0 scale mail
rPois    .         Spirit   .   (no helmet)
rElec    .         Reflect  .   (no cloak)
rCorr    .         Harm     .   k - +0 pair of gloves
MR       .....                  (no boots)
Stlth    ..........             (no amulet)
HPRegen  0.00/turn              (no ring)
MPRegen  0.08/turn              (no ring)

@: lethally poisoned (-1 -> -1), non-regenerating
A: damage resistance, heal wounds, sense surroundings 1, no regeneration
a: Heal Wounds


You were on level 4 of the Dungeon.
You were not hungry.

You visited 1 branch of the dungeon, and saw 4 of its levels.

You collected 82 gold pieces.

Inventory:

Hand Weapons
 a - a +0 war axe (weapon)
Armour
 b - a +0 scale mail (worn)
 c - a +0 shield (worn)
 k - a +0 pair of gloves (worn)
   (You found it on level 4 of the Dungeon)
Scrolls
 g - 2 scrolls of magic mapping {unknown}
 h - a scroll of amnesia {unknown}
 l - a scroll of remove curse {unknown}
Potions
 d - a potion of might
 f - 3 potions of haste {unknown}
 j - a potion of invisibility {unknown}
 m - 2 potions of heal wounds {unknown}
Comestibles
 e - 2 rations
 i - 4 chunks of flesh


   Skills:
 + Level 3.0 Fighting
 * Level 3.3 Axes
 + Level 3.7 Armour
 + Level 3.7 Shields


You had 2 spell levels left.
You didn't know any spells.
Your spell library was empty.

Dungeon Overview and Level Annotations

Branches:
Dungeon (4/15)
 Temple: D:4-7

Altars:
Nemelex Xobeh


Innate Abilities, Weirdness & Mutations

You are resistant to damage.
You can heal yourself by infusing magical energy.
You passively map a small area around you.
You do not regenerate.


Message History

You block the orc priest's attack.
You closely miss the orc priest.
The orc priest is severely wounded.
The orc priest hits you with a +0 whip.
The orc priest calls upon Beogh to heal the orc priest.
The orc priest is healed somewhat.
You closely miss the orc priest.
The orc priest is heavily wounded.
The orc priest calls down the wrath of Beogh upon you.
Beogh smites you!
The orc priest invokes the aid of Beogh against you.
Beogh smites you!
* * * LOW HITPOINT WARNING * * *
You are too injured to fight recklessly!
You closely miss the orc priest.
The orc priest is heavily wounded.
The orc priest looks satisfied for a moment.
An orc comes into view. It is wielding a +0 club.
The orc priest hits you with a +0 whip.
You die... , , * * , * * ,,, * * *, ,, * * ### * , * , .Jo

* * * #o#* ** * ,
#, #o# _ , , ,
####.####@#* ,
........†.## , , *
#.....†....# * #.#
.....#####.# * #.#
* #.##** #.# #.# ,*
#.# ###.# *
#.###### #...##
###......###....###
#...####......_....


You could see 2 orc priests, an ooze and an orc.

Vanquished Creatures
  A worker ant (D:4)
  An adder (D:4)
  An ooze (D:2)
  A leopard gecko (D:4)
  2 orcs (D:4)
  A giant cockroach (D:4)
  4 jackals (D:3)
  A kobold (D:2)
  2 quokkas
  A bat (D:3)
  3 goblins
18 creatures vanquished.

Notes
Turn   | Place    | Note
-------+----------+-------------------------------------------
     0 | D:1      | Flugslaktarn the Deep Dwarf Fighter began the quest for the
                  | Orb.
     0 | D:1      | Reached XP level 1. HP: 20/20 MP: 1/1
   260 | D:2      | Reached XP level 2. HP: 21/27 MP: 2/2
   482 | D:4      | Found a sparkling altar of Nemelex Xobeh.
   512 | D:4      | Reached XP level 3. HP: 33/33 MP: 2/2
   537 | D:4      | Slain by an orc priest

Levels and vault maps discovered:
D:1:      dpeg_arrival_water_altar, layout_loops_corners
D:2:      layout_basic, kennysheep_generic_room_13, uniq_robin
D:3:      layout_loops_ring, first_ration, minmay_quadrilaterals, uniq_ijyb,
          uniq_natasha
D:4:      layout_loops_ring, nicolae_overflow_crystal_walls,
          brannock_xom_greatest_gift

Skill      XL: |  1  2  3 |
---------------+----------+-----
Axes           | 3 |  3.3
Fighting       | 3 |  3.0
Armour         | |  3.7
Shields        | |  3.7

Action                   || total
-------------------------++-------
Melee: War axe           ||    60
 Abil: Heal Wounds       ||     2
Armor: Scale mail        ||    34
Dodge: Dodged            ||    16
Block: Shield            ||    27
